 Dungeon Crawl Stone Soup version 0.26.0-45-g9c1d065592 (webtiles) character file.

Game seed: 493962072110219728

2443 oldmanjim the Fighter (level 9, -9/82 HPs)
             Began as a Minotaur Monk on Jan 30, 2021.
             Was an Elder of Okawaru.
             Killed by the air
             ... invoked by Gastronok
              (24 damage)
             ... on level 8 of the Dungeon.
             The game lasted 00:29:06 (6236 turns).

oldmanjim the Fighter (Minotaur Monk)               Turns: 6236, Time: 00:29:07

Health: -9/82      AC: 16    Str: 18    XL:     9   Next: 25%
Magic:  11/11      EV:  5    Int: 13    God:    Okawaru [****..]
Gold:   547        SH: 16    Dex: 14    Spells: 8/8 levels left

rFire    . . .     SeeInvis .   a - +3 whip (elec)
rCold    . . .     Faith    .   x - +1 tower shield
rNeg     . . .     Spirit   .   y - +0 chain mail
rPois    .         Reflect  .   (helmet restricted)
rElec    .         Harm     .   q - +0 cloak
rCorr    .         Rampage  .   c - +1 pair of gloves
Will     .....                  d - +0 pair of boots
Stlth    ..........             (no amulet)
HPRegen  0.23/turn              m - +4 ring of protection
MPRegen  0.12/turn              E - +6 ring of intelligence

@: slowed, very slow
A: retaliatory headbutt, horns 2
a: Renounce Religion, Heroism


You were on level 8 of the Dungeon.
You worshipped Okawaru.
Okawaru was greatly pleased with you.
You visited 2 branches of the dungeon, and saw 9 of its levels.

You collected 547 gold pieces.

Inventory:

Hand Weapons
 a - a +3 whip of electrocution (weapon)
 b - a +2 hunting sling of flaming
 D - a +0 hand axe
 F - a +2 trident of protection
 J - a +0 shortbow
Missiles
 h - 86 bolts
 j - 129 arrows
 p - a throwing net (quivered)
 K - 30 sling bullets
Armour
 c - a +1 pair of gloves (worn)
 d - a +0 pair of boots (worn)
 q - a +0 cloak (worn)
 x - a +1 tower shield (worn)
 y - a +0 chain mail (worn)
Jewellery
 m - a +4 ring of protection (left hand)
 z - an uncursed ring of flight
 E - a +6 ring of intelligence (right hand)
 I - an uncursed ring of stealth
Wands
 C - a wand of acid (8)
 G - a wand of flame (17)
Scrolls
 e - a scroll of enchant weapon
 f - 7 scrolls of teleportation
 i - a scroll of fog {unknown}
 k - a scroll of magic mapping {unknown}
 n - 2 scrolls of amnesia {unknown}
 o - 2 scrolls of enchant armour
 s - a scroll of fear {unknown}
 t - a scroll of immolation
 v - 4 scrolls of remove curse
 B - a scroll of blinking {unknown}
 H - a scroll of identify
Potions
 g - 2 potions of flight
 l - a potion of mutation
 r - 2 potions of heal wounds
 u - a potion of haste
 w - a potion of curing
 A - 2 potions of might {unknown}


   Skills:
 + Level 8.7 Fighting
 + Level 8.7 Axes
 - Level 5.0 Dodging
 - Level 1.7 Stealth
 + Level 6.8 Shields
 + Level 4.4 Invocations


You had 8 spell levels left.
You didn't know any spells.
Your spell library contained the following spells:

 Spells                   Type           Power        Failure   Level
 Corpse Rot               Necr/Air       N/A          100%        2
 Sublimation of Blood     Necr           0%           100%        2
 Dispel Undead            Necr           0%           100%        4
 Agony                    Necr           0%           100%        5
 Excruciating Wounds      Necr           0%           100%        5


Dungeon Overview and Level Annotations

Branches:
Dungeon (8/15)             Temple (1/1) D:4
   Lair: D:8-11

Altars:
Ashenzari
Cheibriados
Dithmenos
Elyvilon
Gozag
Hepliaklqana
Kikubaaqudgha
Makhleb
Okawaru
Qazlal
Ru
Sif Muna
Trog
Vehumet
Wu Jian
Yredelemnul
Zin
The Shining One

Annotations:
D:5 3 runed translucent doors, exclusion: 3 doors, Prince Ribbit; judgestillwater's ghost, novice MiBe
D:8 Gastronok


Innate Abilities, Weirdness & Mutations

You reflexively headbutt those who attack you in melee.
You have a pair of horns on your head.


Message History

You hit Gastronok but do no damage. Lightning courses through Gastronok!
Gastronok is heavily wounded.
You block Gastronok's attack.
You hit Gastronok.
Gastronok is heavily wounded.
You hit Gastronok.
Gastronok is heavily wounded.
Gastronok casts a spell at you.
You feel yourself slow down.
You hit Gastronok. You headbutt Gastronok.
Gastronok is severely wounded.
You hit Gastronok. Lightning courses through Gastronok! You headbutt Gastronok!
Gastronok is severely wounded.
Gastronok bites you.
* * * LOW HITPOINT WARNING * * *
You hit Gastronok. You headbutt Gastronok.
Gastronok is severely wounded.
Gastronok waves his eye-stalks in wide circles.
The air twists around and strikes you!!
You die...

###### #....# # #.##.#
#########.#.##.#
<.....).#.#.##.########.
######..#>.†............
###.####.##..@.###
#........##.##w#
#.#.######### ... #.#.#
....# # #.# ....# ..#
....# ### ....# ....#


You could see Gastronok (swift).

Vanquished Creatures
  Joseph (D:8)
  A phantom (D:4)
  A sky beast (D:8)
  A black bear (D:7)
  4 ogres
  2 centaurs
  2 bullfrogs
  A scorpion (D:7)
  3 wights (D:6)
  A centaur skeleton (D:5)
  7 hounds
  A bullfrog skeleton (D:8)
  A gnoll shaman (D:5)
  2 iguanas (D:7)
  An orc wizard (D:7)
  8 worker ants
  A killer bee zombie (D:5)
  A hound zombie (D:5)
  4 hound skeletons
  9 gnolls
  13 adders
  A shadow imp (D:7)
  A white imp (D:6)
  An ooze (D:2)
  4 worms
  7 dart slugs
  4 leopard geckos
  13 orcs
  4 bats
  9 giant cockroaches
  6 goblins
  7 hobgoblins
  17 jackals
  4 quokkas
  2 ball pythons
  6 frilled lizards
  3 jackal skeletons
  3 kobolds
  2 quokka skeletons (D:4)
  8 rats
167 creatures vanquished.

Vanquished Creatures (others)
  25 plants (D:5)
25 creatures vanquished.

Grand Total: 192 creatures vanquished

Notes
Turn   | Place    | Note
-------+----------+-------------------------------------------
     0 | D:1      | oldmanjim the Minotaur Monk began the quest for the Orb.
     0 | D:1      | Reached XP level 1. HP: 19/19 MP: 0/0
    99 | D:1      | Reached XP level 2. HP: 27/27 MP: 1/1
   634 | D:2      | Reached XP level 3. HP: 33/33 MP: 2/2
   726 | D:2      | Reached XP level 4. HP: 41/41 MP: 3/3
   962 | D:2      | Found a broken altar of Ashenzari.
  1276 | D:3      | Reached skill level 5 in Fighting
  1276 | D:3      | Reached XP level 5. HP: 48/48 MP: 4/4
  1423 | D:3      | Reached skill level 5 in Axes
  2062 | D:4      | Noticed a phantom
  2143 | D:4      | Killed a phantom
  2144 | D:4      | Reached skill level 1 in Shields
  2144 | D:4      | Reached XP level 6. HP: 25/56 MP: 5/5
  2500 | D:4      | Found a staircase to the Ecumenical Temple.
  2509 | Temple   | Entered the Ecumenical Temple
  2613 | Temple   | Became a worshipper of Warmaster Okawaru
  2613 | Temple   | Reached * piety under Okawaru
  2613 | Temple   | Reached ** piety under Okawaru
  2659 | D:4      | Reached skill level 5 in Dodging
  3183 | D:5      | Entered Level 5 of the Dungeon
  3294 | D:5      | Noticed Prince Ribbit
  3298 | D:5      | Reached XP level 7. HP: 57/63 MP: 6/6
  3390 | D:5      | Noticed judgestillwater's ghost (novice MiBe)
  3404 | D:5      | Found a runed translucent gate.
  3404 | D:5      | Found a runed translucent gate.
  3406 | D:5      | Found a runed translucent gate.
  3743 | D:5      | Reached *** piety under Okawaru
  4000 | D:5      | Reached skill level 1 in Invocations
  4188 | D:5      | Found a radiant altar of Vehumet.
  4466 | D:6      | Reached XP level 8. HP: 73/73 MP: 8/8
  4581 | D:6      | Reached skill level 5 in Shields
  5493 | D:7      | Reached **** piety under Okawaru
  5761 | D:7      | Reached XP level 9. HP: 80/82 MP: 10/10
  5959 | D:8      | Noticed Joseph
  6132 | D:8      | Killed Joseph
  6220 | D:8      | Noticed Gastronok
  6236 | D:8      | Killed from afar by Gastronok

Illustrated notes

Levels and vault maps discovered:
D:1:      saegor_arrival_miasma, layout_rooms
D:2:      layout_rooms, evilmike_ruin_ashenzari, kennysheep_generic_room_7
D:3:      layout_basic
D:4:      layout_cave_pools, minmay_temple_entry_poolview
D:5:      layout_basic, nicolae_overflow_hidden_temple, gammafunk_ghost_split,
          serial_bayou, serial_bayou_pond_d, serial_bayou_lake_a,
          serial_bayou_pond_d, serial_bayou_shore_a, grunt_ministairs_2,
          uniq_prince_ribbit1
D:6:      layout_layer_cave
D:7:      layout_rooms
D:8:      layout_basic, dancing_weapons_uskayaw, kennysheep_little_box,
          uniq_gastronok, uniq_joseph
Temple:   lightli_temple_of_artemis

Skill      XL: |  1  2  3  4  5  6  7  8  9 |
---------------+----------------------------+-----
Fighting       | 4 5 6 7 8 |  8.7
Axes           | 4 5 6 7 8 |  8.7
Dodging        | 4 5 |  5.0
Shields        | 1 3 4 6 |  6.8
Invocations    | 1 3 4 |  4.4
Stealth        | |  1.7

Action                   |  1- 3 |  4- 6 |  7- 9 || total
-------------------------+-------+-------+-------++-------
Melee: Hand axe          |    67 |   180 |   130 ||   377
       Headbutt          |    10 |    44 |    55 ||   109
       Whip              |       |       |   167 ||   167
  Use: Scroll            |       |     3 |     8 ||    11
 Stab: Sleeping          |     1 |     6 |       ||     7
Armor: Robe              |    25 |    33 |       ||    58
       Chain mail        |       |    11 |    95 ||   106
Dodge: Dodged            |    59 |    74 |    33 ||   166
Block: Tower shield      |       |    74 |   204 ||   278
